 Dungeon Crawl Stone Soup version 0.25-a0-458-g6fc7858b95 (webtiles) character file.

Game seed: 3375085534478643256, levelgen mode: deterministic

41 funkygono the Digger (level 3, -1/24 HPs)
             Began as a Formicid Earth Elementalist on Feb 2, 2020.
             Slain by a goblin (2 damage)
             ... led by Robin
             ... on level 2 of the Dungeon.
             The game lasted 00:03:40 (1161 turns).

funkygono the Digger (Formicid Earth Elementalist)  Turns: 1161, Time: 00:03:41

Health: -1/24      AC:  2    Str: 12    XL:     3   Next: 75%
Magic:  7/7        EV: 12    Int: 15    God:
Gold:   43         SH:  0    Dex: 11    Spells: 4/7 levels left

rFire    . . .     SeeInvis +   n - +2 whip (pain)
rCold    . . .     Gourm    .   (no shield)
rNeg     . . .     Faith    .   c - +0 robe
rPois    .         Spirit   .   (helmet unavailable)
rElec    .         Reflect  .   (no cloak)
rCorr    .         Harm     .   (no gloves)
MR       .....                  (no boots)
Stlth    ++........             (no amulet)
HPRegen  0.08/turn              (no ring)
MPRegen  0.10/turn              (no ring)

@: lethally poisoned (-1 -> -14)
A: permanent stasis, dig shafts and tunnels, four strong arms, antennae 3
a: Dig, Shaft Self


You were on level 2 of the Dungeon.
You were not hungry.

You visited 1 branch of the dungeon, and saw 2 of its levels.

You collected 43 gold pieces.

Inventory:

Hand Weapons
 n - a +2 whip of pain (weapon)
Missiles
 a - 11 sling bullets
 b - 47 stones (quivered)
Armour
 c - a +0 robe (worn)
Wands
 g - a wand of acid (13)
Scrolls
 e - a scroll of fear {unknown}
 f - a scroll of enchant weapon {unknown}
 i - a scroll of amnesia
Potions
 k - a potion of degeneration {unknown}
 m - a potion of curing {unknown}
Comestibles
 d - 3 rations
 h - a chunk of flesh


   Skills:
 + Level 2.1 Dodging
 + Level 2.7 Stealth
 + Level 2.8 Spellcasting
 + Level 1.1 Transmutations
 + Level 4.5 Earth Magic


You had 4 spell levels left.
You knew the following spells:

 Your Spells              Type           Power        Failure   Level  Hunger
a - Sandblast             Erth           ###...       3%          1    #......
b - Passwall              Tmut/Erth      ##......     10%         2    ##.....

Your spell library contained the following spells:

 Spells                   Type           Power        Failure   Level  Hunger
 Stone Arrow              Conj/Erth      #.....       24%         3    ###....
 Petrify                  Tmut/Erth      ##......     54%         4    #####..
 Lee's Rapid Deconstruct  Erth           ###.......   65%         5    ######.


Dungeon Overview and Level Annotations

Branches:
Dungeon (2/15)

Altars:
Okawaru
Uskayaw

Annotations:
D:2 Robin


Innate Abilities, Weirdness & Mutations

You cannot be hasted, slowed, berserked, paralysed or teleported.
You can dig through walls and to a lower floor.
Your four strong arms can wield two-handed weapons with a shield.
You have a pair of large antennae on your head. (SInv)


Message History

The goblin hits you. The goblin completely misses you.
The goblin closely misses you.
You closely miss Robin.
Robin is moderately wounded.
You feel sick.
Robin hits you with a +1 dagger of venom.
You are lethally poisoned!
The goblin hits you.
* * * LOW HITPOINT WARNING * * *
The goblin misses you. x2; The goblin hits you but does no damage. x2
Unknown command.
* * * LOW HITPOINT WARNING * * *
You feel sick. Robin throws the goblin at you! The goblin barely misses you.
The goblin closely misses you.
You closely miss the goblin.
* * * LOW HITPOINT WARNING * * *
You feel sick. The goblin hits you.
* * * LOW HITPOINT WARNING * * *
The goblin hits you.
You die...

# # ###########
############## ..........#
#............# ..#######.##
#.........##.#
#.#######..###.g@gg.......#
.............$..gg........+
.....###.#..##..g......##
####.# #.##.##.........# {{
#.###.##.##.........# {{
###.....##[.########..# {
#........................gg.g
#............######.......{..
#............................


You could see Robin and 5 goblins.

Vanquished Creatures
  2 oozes (D:1)
  A dart slug (D:1)
  A leopard gecko (D:1)
  7 goblins
  6 hobgoblins
  3 kobolds (D:1)
  A quokka (D:2)
  3 bats
  3 frilled lizards
  3 rats (D:1)
30 creatures vanquished.

Notes
Turn   | Place    | Note
-------+----------+-------------------------------------------
     0 | D:1      | funkygono the Formicid Earth Elementalist began the quest
                  | for the Orb.
     0 | D:1      | Reached XP level 1. HP: 13/13 MP: 3/3
   179 | D:1      | Reached skill level 4 in Earth Magic
   179 | D:1      | Reached XP level 2. HP: 19/19 MP: 3/5
   183 | D:1      | Learned a level 2 spell: Passwall
   537 | D:1      | Reached XP level 3. HP: 24/24 MP: 4/6
   987 | D:2      | Found an iron altar of Okawaru.
   989 | D:2      | Found a hide-covered altar of Uskayaw.
  1148 | D:2      | Noticed Robin
  1161 | D:2      | HP: 1/24 [goblin[Robin] (2)]
  1161 | D:2      | Slain by a goblin

Levels and vault maps discovered:
D:1:      saegor_arrival_simple_d, layout_loops_corners
D:2:      layout_basic, gammafunk_temple_overflow_statue, uniq_natasha,
          uniq_robin, uniq_terence

Skill      XL: |  1  2 |
---------------+-------+-----
Earth Magic    | 4 |  4.5
Dodging        | 2 |  2.1
Stealth        | |  2.7
Spellcasting   | |  2.8
Transmutations | |  1.1

Action                   || total
-------------------------++-------
Melee: Whip              ||    27
       Dagger            ||     3
 Cast: Sandblast         ||    30
  Use: Scroll            ||     4
  Eat: Chunk             ||     1
Armor: Robe              ||     4
Dodge: Dodged            ||    29

Table legend:
 A = Non-vault XP
 B = Vault XP
 C = Vault XP percentage of total XP
 D = Non-vault monster count
 E = Vault monster count
 F = Vault count percentage of total count
                 A         B        C        D         E       F
            +---------+---------+-------+---------+---------+-------
      Total |      52 |       7 |  11.9 |      25 |       5 |  16.7
            +---------+---------+-------+---------+---------+-------
        D:1 |      46 |       0 |   0.0 |      21 |       0 |   0.0
        D:2 |       6 |       7 |  53.8 |       4 |       5 |  55.6
            +---------+---------+-------+---------+---------+-------
